[Event "Titled Tuesday Blitz June 28 Early 2022"]
[White "Al-Tarboush, Ward"]
[Black "Silva, Pedro Gil Ferreira Da"]
[WhiteFideId "7601450"]
[BlackFideId "1946102"]
[WhiteElo "2249"]
[BlackElo "1863"]
[Result "1-0"]
[Round "04"]
[TimeControl "180+1"]
[Date "2022.06.28"]
[WhiteClock "0:00:07"]
[BlackClock "0:00:14"]

1. e4 c5 2. Nf3 d6 3. d4 cxd4 4. Nxd4 Nf6 5. Nc3 a6 6. h3 e5 7. Nde2 Be7 8. g4 h6 9. Bg2 Be6 10. O-O Nbd7 11. Ng3 O-O 12. Nf5 Nc5 13. b4 Ncd7 14. Nxd6 Qc7 15. Nd5 Bxd5 16. Nf5 Bxe4 17. Nxe7+ Kh8 18. Be3 Bxg2 19. Kxg2 Rfe8 20. Nf5 Rad8 21. Qc1 Qc6+ 22. Kg1 Nd5 23. c4 Nxe3 24. Nxe3 Nf6 25. a4 Rd4 26. b5 Qf3 27. Kh2 Red8 28. Qc2 Rd2 29. Rad1 Rxc2 30. Rxd8+ Kh7 31. Nxc2 Qf4+ 32. Kg1 Nxg4 33. hxg4 Qxg4+ 34. Kh2 Qh4+ 35. Kg1 Qxd8 36. Ne3 Qg5+ 37. Kh2 f5 38. b6 f4 39. Nd5 Qh4+ 40. Kg1 e4 41. a5 e3 42. fxe3 Qg3+ 43. Kh1 f3 44. Nf4 f2 45. c5 Qxe3 46. c6 Qxf4 47. c7 Qf3+ 48. Kh2 Qh5+ 49. Kg2 Qg4+ 50. Kxf2 h5 51. Rg1 Qc8 52. Rg5 Kh6 53. Rd5 Qf8+ 54. Ke3 Qa3+ 55. Kd4 Qb4+ 56. Ke5 Qe7+ 57. Kd4 Qf6+ 58. Kc5 Qc3+ 59. Kd6 Qc6+ 60. Ke5 h4 61. Rd6+ Qxd6+ 62. Kxd6 h3 63. c8=Q h2 64. Qh8+ 1-0


[Site "https://www.chess.com"]

[Event "Titled Tuesday Blitz June 28 Early 2022"]
[White "Araujo Sanchez, Josue"]
[Black "Sukandar, Irine Kharisma"]
[WhiteFideId "6416896"]
[BlackFideId "7101937"]
[WhiteElo "2339"]
[BlackElo "2293"]
[Result "1-0"]
[Round "04"]
[TimeControl "180+1"]
[Date "2022.06.28"]
[WhiteClock "0:01:07"]
[BlackClock "0:00:02"]

1. Nf3 Nf6 2. c4 c5 3. b3 g6 4. Bb2 Bg7 5. g3 O-O 6. Bg2 d5 7. cxd5 Qxd5 8. O-O Nc6 9. Nc3 Qh5 10. Re1 Bh3 11. Bh1 Rad8 12. d3 Nd5 13. Rc1 Nxc3 14. Bxc3 Nd4 15. Nxd4 cxd4 16. Bb4 Rd7 17. Rc5 Qg4 18. Qc2 h5 19. Bf3 Qe6 20. Qc4 Qf6 21. Rc7 b5 22. Qc2 Rfd8 23. Rc1 Bh6 24. Rxd7 Rxd7 25. Bd2 Bxd2 26. Qxd2 Qa6 27. Rc5 Rd8 28. Bc6 Qb6 29. b4 a6 30. f3 Qb8 31. Qg5 Qa7 32. Bd5 1-0


[Site "https://www.chess.com"]

[Event "Titled Tuesday Blitz June 28 Early 2022"]
[White "Arias, Juan Cruz"]
[Black "Zhigalko, Sergei"]
[WhiteFideId "118540"]
[BlackFideId "13502956"]
[WhiteElo "2091"]
[BlackElo "2662"]
[Result "1-0"]
[Round "04"]
[TimeControl "180+1"]
[Date "2022.06.28"]
[WhiteClock "0:00:20"]
[BlackClock "0:00:01"]

1. d4 Nf6 2. Bg5 e6 3. Nd2 h6 4. Bh4 c5 5. e4 cxd4 6. e5 g5 7. Bg3 Nd5 8. h4 Nc6 9. hxg5 Qxg5 10. Ngf3 Qd8 11. Bc4 Qa5 12. Kf1 b6 13. Ne4 Ba6 14. Bxa6 Qxa6+ 15. Kg1 O-O-O 16. Nxd4 Rg8 17. c3 Bc5 18. Qd2 Bxd4 19. cxd4 Rg4 20. Nd6+ Kb8 21. Rh4 Rdg8 22. Rd1 Nxd4 23. Rxg4 Rxg4 24. Qxh6 Ne2+ 25. Kh2 Rg8 26. Qh7 Rd8 27. Nxf7 Rf8 28. Qg7 Rc8 29. Nd6 Qa4 30. b3 Qe4 31. Nxc8 Kxc8 32. Rd2 Ndc3 33. Qxd7+ Kb8 34. Qe8+ Kb7 35. Rd7+ Ka6 36. Qxe6 1-0


[Site "https://www.chess.com"]

[Event "Titled Tuesday Blitz June 28 Early 2022"]
[White "Artemenko, Oleg"]
[Black "Kamsky, Gata"]
[WhiteFideId "14201798"]
[BlackFideId "2000024"]
[WhiteElo "2287"]
[BlackElo "2645"]
[Result "0-1"]
[Round "04"]
[TimeControl "180+1"]
[Date "2022.06.28"]
[WhiteClock "0:00:02"]
[BlackClock "0:00:31"]

1. e4 e5 2. Nf3 Nc6 3. Bb5 a6 4. Bxc6 dxc6 5. O-O f6 6. d4 exd4 7. Qxd4 Qxd4 8. Nxd4 Bd7 9. Nc3 O-O-O 10. Bf4 Ne7 11. Rad1 Ng6 12. Bg3 h5 13. f3 h4 14. Bf2 Bd6 15. Rfe1 Be5 16. Nde2 b6 17. Bd4 Bd6 18. Bxb6 Bxh2+ 19. Kxh2 cxb6 20. Rd4 Ne5 21. Nf4 g5 22. Nd3 Be6 23. Rxd8+ Rxd8 24. Rd1 Nc4 25. Ne1 Nxb2 26. Rb1 Nc4 27. Kg1 Kc7 28. Rd1 Rd6 29. g3 hxg3 30. Rxd6 Kxd6 31. Kg2 b5 32. Kxg3 b4 33. Ne2 Ne3 34. c3 Bc4 35. Nd4 c5 36. Nb3 bxc3 37. f4 Bxb3 38. axb3 c2 39. Nd3 Nf1+ 40. Kf2 Nd2 41. Nc1 Nxe4+ 42. Ke3 Kd5 43. fxg5 fxg5 44. Kd3 g4 45. Kxc2 Kd4 46. Nd3 Ke3 47. Ne5 g3 48. Ng4+ Ke2 49. b4 cxb4 50. Ne5 g2 51. Nd3 g1=Q 52. Kb3 Kxd3 53. Ka4 Kc4 54. Ka5 Qa1+ 55. Kb6 a5 56. Ka6 a4 57. Kb6 a3 58. Kc6 b3 59. Kc7 Qf6 60. Kb8 a2 61. Kb7 b2 62. Kc8 a1=N 63. Kc7 Nb3 64. Kc8 b1=N 65. Kd7 Nbc3 66. Ke8 Nd4 67. Kd7 Nd5 68. Kc8 Nc5 69. Kb8 Qe7 70. Ka8 Nb6+ 71. Kb8 Nc6# 0-1


[Site "https://www.chess.com"]

[Event "Titled Tuesday Blitz June 28 Early 2022"]
[White "Averjanov, Alexey"]
[Black "Kozlov, Oleg"]
[WhiteFideId "14109867"]
[BlackFideId "4104544"]
[WhiteElo "2719"]
[BlackElo "2132"]
[Result "0-1"]
[Round "04"]
[TimeControl "180+1"]
[Date "2022.06.28"]
[WhiteClock "0:00:22"]
[BlackClock "0:01:31"]

1. d4 f5 2. c4 Nf6 3. Nf3 g6 4. g3 Bg7 5. Bg2 O-O 6. O-O d6 7. b3 Ne4 8. Bb2 Nc6 9. Nbd2 Nxd2 10. Qxd2 e5 11. dxe5 dxe5 12. Qd5+ Kh8 13. Qxd8 Rxd8 14. Ng5 Rd2 15. Rad1 Rxb2 16. Bxc6 Bf6 17. Nf7+ Kg7 18. Bxb7 Bxb7 19. Rd7 Bc8 20. Rxc7 Kf8 21. Rd1 Be6 22. Rd6 Re8 23. Rxa7 Re7 24. c5 Rxa7 0-1


[Site "https://www.chess.com"]

[Event "Titled Tuesday Blitz June 28 Early 2022"]
[White "Bagrationi, Alexander"]
[Black "Jubin Jimmy"]
[WhiteFideId "14104954"]
[BlackFideId "46686614"]
[WhiteElo "2398"]
[BlackElo "2219"]
[Result "0-1"]
[Round "04"]
[TimeControl "180+1"]
[Date "2022.06.28"]
[WhiteClock "0:00:06"]
[BlackClock "0:00:40"]

1. d4 Nf6 2. c4 e6 3. Nf3 Bb4+ 4. Nbd2 b6 5. a3 Bxd2+ 6. Qxd2 Bb7 7. e3 d6 8. Be2 Nbd7 9. b4 O-O 10. Bb2 Ne4 11. Qc2 f5 12. O-O Qe8 13. Ne1 Qg6 14. f3 Ng5 15. Nd3 f4 16. e4 Nxe4 17. fxe4 Bxe4 18. Rf2 f3 19. Bf1 fxg2 20. Rxg2 Bxg2 21. Qxg2 Qh6 22. Re1 Rae8 23. d5 e5 24. Bc1 Qh4 25. Re4 Qh5 26. Be2 Qf7 27. Bg4 Nf6 28. Be6 Rxe6 29. dxe6 Qxe6 30. Rh4 e4 31. Bh6 Rf7 32. Nf2 Qxc4 33. Nxe4 Qd4+ 34. Qf2 Qxf2+ 35. Nxf2 gxh6 36. Rxh6 Kg7 37. Rh3 Re7 38. Rc3 c5 39. bxc5 dxc5 40. Rc4 Re3 41. a4 Rb3 42. Rc2 Ra3 43. Rc4 Nd5 44. Ne4 Nb4 45. Nd6 Rxa4 46. Re4 Kf6 47. Ne8+ Kg6 48. h4 b5 49. Nd6 a6 0-1


[Site "https://www.chess.com"]

[Event "Titled Tuesday Blitz June 28 Early 2022"]
[White "Balint, Vilmos"]
[Black "Garv Gaur"]
[WhiteFideId "718050"]
[BlackFideId "45030839"]
[WhiteElo "2059"]
[BlackElo "1950"]
[Result "0-1"]
[Round "04"]
[TimeControl "180+1"]
[Date "2022.06.28"]
[WhiteClock "0:02:08"]
[BlackClock "0:01:43"]

1. e4 c6 2. d4 d5 3. e5 Bf5 4. Nf3 e6 5. c4 Ne7 6. b3 Bg4 7. Be2 Nf5 8. Be3 Bb4+ 9. Kf1 dxc4 10. bxc4 O-O 11. h3 Bxf3 12. Bxf3 f6 13. a3 Ba5 14. Nd2 fxe5 15. Nb3 Bc3 16. Rb1 Nxe3+ 17. fxe3 e4 18. Nc1 exf3 19. gxf3 Qf6 20. Kf2 c5 21. Ne2 Qxf3+ 0-1


[Site "https://www.chess.com"]

[Event "Titled Tuesday Blitz June 28 Early 2022"]
[White "Barria Zuniga, Daniel"]
[Black "Dudzinski, Pawel"]
[WhiteFideId "3400816"]
[BlackFideId "1117890"]
[WhiteElo "2414"]
[BlackElo "2011"]
[Result "1-0"]
[Round "04"]
[TimeControl "180+1"]
[Date "2022.06.28"]
[WhiteClock "0:00:49"]
[BlackClock "0:00:04"]

1. d4 d5 2. c4 e6 3. Nf3 c6 4. Nc3 f5 5. Bg5 Nf6 6. e3 h6 7. Bxf6 Qxf6 8. Be2 Bd6 9. O-O O-O 10. Rb1 g5 11. b4 g4 12. Ne1 a6 13. a4 Bd7 14. Nd3 dxc4 15. Ne5 b5 16. f4 gxf3 17. Bxf3 Bxe5 18. dxe5 Qxe5 19. Qd4 Qxd4 20. exd4 a5 21. axb5 axb4 22. Rxb4 Ra3 23. Rc1 cxb5 24. Nxb5 Na6 25. Rbb1 Bxb5 26. Rxb5 c3 27. Bb7 Nc7 28. Rc5 Nd5 29. Bxd5 exd5 30. R1xc3 Rxc3 31. Rxc3 Kf7 32. Rc6 Re8 33. Rd6 Re2 34. Rxd5 Ke6 35. Rd8 h5 36. Re8+ 1-0


[Site "https://www.chess.com"]

[Event "Titled Tuesday Blitz June 28 Early 2022"]
[White "Begunov, Konstantin"]
[Black "Winkels, Marcel"]
[WhiteFideId "4118510"]
[BlackFideId "1003887"]
[WhiteElo "2262"]
[BlackElo "1900"]
[Result "1-0"]
[Round "04"]
[TimeControl "180+1"]
[Date "2022.06.28"]
[WhiteClock "0:00:16"]
[BlackClock "0:00:07"]

1. d4 Nf6 2. c4 g6 3. f3 Bg7 4. e4 d6 5. Nc3 O-O 6. Be3 c5 7. dxc5 dxc5 8. Qxd8 Rxd8 9. Bxc5 Nc6 10. Nd5 Nxd5 11. cxd5 Bxb2 12. Rb1 Bc3+ 13. Kf2 Ne5 14. Rc1 Ba5 15. Bxe7 Re8 16. Bf6 Bd7 17. h4 Bb6+ 18. Kg3 h5 19. Nh3 Bxh3 20. Kxh3 Nd7 21. Bb2 f5 22. Bb5 Red8 23. e5 Nc5 24. Rhd1 a6 25. Bf1 Ba7 26. Kg3 Rac8 27. Ba3 Kf7 28. Rd2 b5 29. Kf4 Ke8 30. Kg5 Ne6+ 31. Kxg6 Rxc1 32. Bxc1 Be3 33. Rd1 Bxc1 34. Rxc1 Rxd5 35. Kxf5 Nd4+ 36. Ke4 Rd8 37. Rd1 Nc6 38. Rxd8+ Kxd8 39. g4 hxg4 40. fxg4 Ke7 41. h5 Kf7 42. g5 b4 43. Bxa6 Ne7 44. Bc4+ Kg7 45. Bb3 Kh7 46. Kd4 Nf5+ 47. Kc5 Ng3 48. h6 Kg6 49. Bc2+ Kf7 50. g6+ Kg8 51. g7 Ne4+ 52. Bxe4 1-0


[Site "https://www.chess.com"]

[Event "Titled Tuesday Blitz June 28 Early 2022"]
[White "Bekturov, Tamerlan"]
[Black "Przybylski, Wojciech"]
[WhiteFideId "13710184"]
[BlackFideId "1117599"]
[WhiteElo "2151"]
[BlackElo "2133"]
[Result "1/2-1/2"]
[Round "04"]
[TimeControl "180+1"]
[Date "2022.06.28"]
[WhiteClock "0:00:15"]
[BlackClock "0:00:05"]

1. d4 Nf6 2. c4 e6 3. g3 d5 4. Bg2 Bb4+ 5. Bd2 Be7 6. Nf3 O-O 7. O-O Nbd7 8. Qc2 Nb6 9. b3 dxc4 10. bxc4 c5 11. dxc5 Bxc5 12. Rd1 Qe7 13. Be1 Bd7 14. Nbd2 Rfd8 15. Nb3 Ba4 16. Ne5 Rac8 17. Rxd8+ Rxd8 18. Rd1 Rxd1 19. Qxd1 Bd6 20. Qd4 Bc7 21. c5 Bxb3 22. axb3 Nbd5 23. e4 Bxe5 24. Qxe5 Nc7 25. Qd6 Kf8 26. Bb4 Nfe8 27. Qxe7+ Kxe7 28. c6+ Kd8 29. cxb7 Na6 30. Ba5+ Kd7 31. e5 Nec7 32. Bf1 Nb8 33. Bg2 Nd5 34. Bxd5 exd5 35. Bb4 Kc6 36. Bd6 Kxb7 37. Kf1 Nd7 38. Ke2 Kc6 39. Kd3 a6 40. Kd4 Nb6 41. f4 Nc8 42. Bc5 a5 43. f5 g6 44. g4 gxf5 45. gxf5 Kc7 46. Kxd5 Kd7 47. h4 h6 48. h5 Ne7+ 49. Bxe7 Kxe7 50. e6 f6 51. Kc6 Ke8 52. Kd6 Kd8 53. Kc6 Ke7 54. Kb5 Kd6 55. b4 axb4 56. Kxb4 Ke7 57. Kc5 Ke8 58. Kd6 Kd8 59. Kc6 Ke7 60. Kc7 Ke8 61. Kc6 Ke7 62. Kb7 Ke8 63. Kc6 Ke7 1/2-1/2


[Site "https://www.chess.com"]

[Event "Titled Tuesday Blitz June 28 Early 2022"]
[White "Bettalli, Francesco"]
[Black "Seo, Jung Min"]
[WhiteFideId "2816453"]
[BlackFideId "1734687"]
[WhiteElo "2216"]
[BlackElo "2414"]
[Result "0-1"]
[Round "04"]
[TimeControl "180+1"]
[Date "2022.06.28"]
[WhiteClock "0:00:32"]
[BlackClock "0:00:58"]

1. d4 Nf6 2. Nc3 d5 3. Bf4 a6 4. e3 Bf5 5. f3 e6 6. g4 Bg6 7. h4 h6 8. Bd3 Bxd3 9. Qxd3 c5 10. Nge2 Nc6 11. a3 Rc8 12. O-O-O cxd4 13. exd4 Bd6 14. g5 Nh5 15. Bxd6 Qxd6 16. g6 f5 17. Rde1 O-O 18. Qe3 Rce8 19. f4 Nf6 20. h5 Ne4 21. Ng3 b5 22. Ncxe4 fxe4 23. Ref1 Ne7 24. Rh2 a5 25. Rhf2 Nf5 26. Nxf5 Rxf5 27. Qe2 Qb6 28. Kb1 b4 29. a4 Qxd4 30. Qb5 Ra8 31. Qc6 Raf8 32. Qxe6+ Kh8 33. Qa6 e3 34. Re2 Qc5 35. Qe6 d4 36. Qe4 Rxh5 37. Rd1 Rd5 38. Rxe3 Rd6 39. Red3 Qf5 40. Qxf5 Rxf5 41. Rxd4 Rxg6 42. Rd5 Rgf6 43. Re5 Rxe5 44. fxe5 Re6 45. Rd5 h5 46. Rxa5 h4 47. Rd5 g5 48. a5 h3 49. Rd2 g4 50. Ka2 g3 51. Rd3 h2 52. Rxg3 h1=Q 53. Kb3 Qe4 0-1


[Site "https://www.chess.com"]

[Event "Titled Tuesday Blitz June 28 Early 2022"]
[White "Bluebaum, Matthias"]
[Black "Andreikin, Dmitry"]
[WhiteFideId "24651516"]
[BlackFideId "4158814"]
[WhiteElo "2556"]
[BlackElo "2736"]
[Result "0-1"]
[Round "04"]
[TimeControl "180+1"]
[Date "2022.06.28"]
[WhiteClock "0:00:08"]
[BlackClock "0:00:52"]

1. d4 d5 2. c4 e6 3. Nc3 Nf6 4. cxd5 exd5 5. Bg5 c6 6. Qc2 Be7 7. e3 O-O 8. Bd3 h6 9. Bf4 Nbd7 10. h3 Re8 11. Nf3 Nf8 12. O-O-O Ne6 13. Be5 b5 14. g4 b4 15. Na4 Ne4 16. h4 Qa5 17. g5 h5 18. Bxe4 dxe4 19. Nd2 Bb7 20. Nxe4 c5 21. d5 c4 22. Nf6+ Bxf6 23. gxf6 Bxd5 24. Rhg1 Bf3 25. Bd4 b3 26. axb3 cxb3 27. Qxb3 Rac8+ 28. Nc3 Bxd1 29. Qxd1 Qf5 30. fxg7 Qxf2 31. Qxh5 Qxg1+ 32. Kd2 Nxg7 33. Qh6 Qg6 34. Qf4 Ne6 0-1


[Site "https://www.chess.com"]

[Event "Titled Tuesday Blitz June 28 Early 2022"]
[White "Bolanos, Fernando"]
[Black "Karavade, Eesha"]
[WhiteFideId "3304094"]
[BlackFideId "5012600"]
[WhiteElo "2048"]
[BlackElo "2258"]
[Result "0-1"]
[Round "04"]
[TimeControl "180+1"]
[Date "2022.06.28"]
[WhiteClock "0:00:46"]
[BlackClock "0:00:39"]

1. e4 c5 2. Nf3 d6 3. d4 cxd4 4. Nxd4 Nf6 5. Nc3 a6 6. h3 e5 7. Nde2 h5 8. g3 Be6 9. Bg2 Nbd7 10. Be3 Rc8 11. O-O b5 12. a4 b4 13. Nd5 Nxd5 14. exd5 Bf5 15. c3 bxc3 16. Nxc3 Be7 17. a5 Nc5 18. Qe2 Bd3 19. Qd1 Bxf1 20. Bxf1 g6 21. b4 Nd7 22. Na4 Ra8 23. Nb6 Nxb6 24. axb6 Qb8 25. Qa4+ Kf8 26. Qc6 Kg7 27. b7 Ra7 28. Rxa6 Rxb7 29. Rb6 Rxb6 30. Qxb6 Qxb6 31. Bxb6 Rb8 32. Ba5 Bd8 33. Bxd8 Rxd8 34. b5 Rb8 35. Kg2 f5 36. Kf3 Kf6 37. g4 e4+ 38. Kf4 g5+ 39. Ke3 Ke5 40. gxf5 Kxf5 41. Kd4 Kf4 42. Be2 g4 43. hxg4 h4 44. g5 h3 45. Bf1 h2 46. Bg2 Rxb5 47. g6 Rb8 48. Bxe4 Rg8 49. g7 Rxg7 50. Kd3 Rg1 51. f3 h1=Q 0-1


[Site "https://www.chess.com"]

[Event "Titled Tuesday Blitz June 28 Early 2022"]
[White "Boraso, Alessio"]
[Black "Aggelis, Nikolaos"]
[WhiteFideId "848077"]
[BlackFideId "4213220"]
[WhiteElo "2286"]
[BlackElo "2154"]
[Result "0-1"]
[Round "04"]
[TimeControl "180+1"]
[Date "2022.06.28"]
[WhiteClock "0:00:02"]
[BlackClock "0:00:55"]

1. g3 d5 2. Bg2 Nf6 3. Nf3 g6 4. O-O Bg7 5. d3 O-O 6. Nbd2 Nc6 7. e4 e5 8. c3 a5 9. Qe2 Re8 10. b3 b6 11. Re1 Ba6 12. c4 dxc4 13. dxc4 Nd7 14. Bb2 Nc5 15. Red1 Qf6 16. Nf1 Ne6 17. Ne3 Ned4 18. Nxd4 Nxd4 19. Bxd4 exd4 20. Nd5 Qd6 21. Rd3 c5 22. f4 Bb7 23. Qf3 Bxd5 24. cxd5 f6 25. Re1 Rac8 26. Bh3 Rc7 27. Be6+ Rxe6 28. dxe6 Qxe6 29. e5 fxe5 30. fxe5 Rf7 31. Qg2 Qf5 32. Rd2 Qe6 33. Rf2 Rxf2 34. Kxf2 h5 35. Qe4 Kh7 36. h4 Bh6 37. Kg2 Bg7 38. Re2 Bh6 39. Rf2 Bg7 40. Re2 Kg8 41. Qd3 Qd5+ 42. Kh2 Qe6 43. Qc4 Qxc4 44. bxc4 Kf7 45. Kg2 Ke6 46. Kf3 Bxe5 47. Rb2 Bc7 48. Ke4 Kd6 49. a4 Kc6 50. Rb3 Bd6 51. Rf3 Kc7 52. Rf7+ Kc8 53. Rg7 Bxg3 54. Rxg6 Bxh4 55. Rxb6 Be7 56. Rh6 h4 57. Rh7 Kd7 58. Rh6 Bd8 59. Kd5 d3 60. Rd6+ Kc7 61. Rc6+ Kd7 62. Rd6+ Ke7 0-1


[Site "https://www.chess.com"]

[Event "Titled Tuesday Blitz June 28 Early 2022"]
[White "Bortnyk, Mykola"]
[Black "Papp, Levente"]
[WhiteFideId "14120836"]
[BlackFideId "751243"]
[WhiteElo "2582"]
[BlackElo "2308"]
[Result "1-0"]
[Round "04"]
[TimeControl "180+1"]
[Date "2022.06.28"]
[WhiteClock "0:00:36"]
[BlackClock "0:00:04"]

1. e4 e6 2. d4 d5 3. Nc3 Bb4 4. exd5 exd5 5. Bd3 Nc6 6. Be3 Nge7 7. Qf3 Be6 8. Ne2 Qd7 9. h3 Bf5 10. O-O-O O-O-O 11. a3 Bxc3 12. Nxc3 Bxd3 13. Rxd3 Qf5 14. Qd1 h5 15. Re1 Rde8 16. g4 hxg4 17. hxg4 Qd7 18. Qf3 f6 19. b4 Rh4 20. g5 Qg4 21. Qxg4+ Rxg4 22. f3 Rg2 23. gxf6 gxf6 24. b5 Nd8 25. Bf4 Kd7 26. Rde3 c6 27. Bb8 Rgg8 28. Bxa7 Nf5 29. Rxe8 Rxe8 30. Rh1 Ne6 31. Ne2 Ra8 32. Rh7+ Ne7 33. Bc5 Nxc5 34. dxc5 Rxa3 35. Nd4 Ke8 36. b6 Rc3 37. Rh8+ Kf7 38. Rb8 Rxc5 39. Rxb7 Ke8 40. Rxe7+ Kd8 41. b7 1-0


[Site "https://www.chess.com"]

[Event "Titled Tuesday Blitz June 28 Early 2022"]
[White "Bortnyk, Olexandr"]
[Black "Riehle, Marco"]
[WhiteFideId "14120828"]
[BlackFideId "12904392"]
[WhiteElo "2723"]
[BlackElo "2462"]
[Result "1-0"]
[Round "04"]
[TimeControl "180+1"]
[Date "2022.06.28"]
[WhiteClock "0:00:43"]
[BlackClock "0:00:01"]

1. d4 d5 2. Nc3 Nf6 3. Bf4 e6 4. Nb5 Na6 5. e3 c5 6. Nf3 Be7 7. c3 O-O 8. Ne5 Bd7 9. Nxd7 Qxd7 10. a4 Ne4 11. Bd3 Nd6 12. O-O c4 13. Bc2 Nxb5 14. axb5 Qxb5 15. e4 Rfe8 16. Ba4 Qxb2 17. Bxe8 Rxe8 18. exd5 exd5 19. Qa4 Rd8 20. Rfb1 Qxc3 21. Rxb7 Bf6 22. Qxa6 Qxd4 23. Bc7 Re8 24. Rf1 c3 25. Qc6 Rf8 26. Bd6 Rd8 27. Be7 Bxe7 28. Rxe7 g6 29. Rc1 Qb4 30. Re8+ Rxe8 31. Qxe8+ Qf8 32. Qxf8+ 1-0


[Site "https://www.chess.com"]

[Event "Titled Tuesday Blitz June 28 Early 2022"]
[White "Bryakin, Mikhail"]
[Black "Ismayil, Malak"]
[WhiteFideId "4165314"]
[BlackFideId "13412604"]
[WhiteElo "2417"]
[BlackElo "1879"]
[Result "1-0"]
[Round "04"]
[TimeControl "180+1"]
[Date "2022.06.28"]
[WhiteClock "0:02:49"]
[BlackClock "0:00:50"]

1. e4 e5 2. d4 exd4 3. Qxd4 Nc6 4. Qd3 Nf6 5. Nc3 Bb4 6. Ne2 d6 7. a3 Ba5 8. Bg5 h6 9. Bh4 g5 10. Bg3 Qe7 11. O-O-O Bb6 12. f3 Be6 13. Nd5 Bxd5 14. exd5 Ne5 15. Qb5+ Qd7 16. Qxd7+ Nfxd7 17. Nc3 f5 18. f4 Ng4 19. Re1+ Kf7 20. Bd3 Be3+ 21. Kb1 gxf4 22. Bxf5 Nge5 23. Be6+ Ke7 24. Bh4+ Kf8 25. Rhf1 Kg7 26. Nd1 Ng6 27. Nxe3 Nxh4 28. Rxf4 Ng6 29. Rf7+ 1-0


[Site "https://www.chess.com"]

[Event "Titled Tuesday Blitz June 28 Early 2022"]
[White "Buscar, Michael"]
[Black "Ziatdinov, Raset"]
[WhiteFideId "2603616"]
[BlackFideId "2015323"]
[WhiteElo "2010"]
[BlackElo "2220"]
[Result "1-0"]
[Round "04"]
[TimeControl "180+1"]
[Date "2022.06.28"]
[WhiteClock "0:00:09"]
[BlackClock "0:00:01"]

1. d4 Nf6 2. c4 e6 3. Nc3 Bb4 4. Qc2 d5 5. e3 c5 6. a3 Bxc3+ 7. Qxc3 cxd4 8. Qxd4 Nc6 9. Qd1 O-O 10. cxd5 Nxd5 11. Nf3 e5 12. Be2 Bg4 13. O-O Nf6 14. h3 Qxd1 15. Rxd1 Bxf3 16. Bxf3 e4 17. Be2 Rfd8 18. Bd2 Ne5 19. Bc3 Nd3 20. f3 Nc5 21. Rxd8+ Rxd8 22. Rd1 Rxd1+ 23. Bxd1 Nd5 24. Bd4 b6 25. Kf2 f5 26. g4 fxg4 27. fxg4 Ne6 28. Bb3 Nec7 29. Be5 Kf8 30. Bc2 g6 31. Bxe4 Ke7 32. h4 Ke6 33. Bd4 Nf6 34. Bf3 h6 35. Kg3 Ncd5 36. a4 Nb4 37. a5 bxa5 38. Bxa7 Nd3 39. Bd4 a4 40. Be2 Nc1 41. Bc4+ Ke7 42. Kf3 Nd7 43. Bc3 Nb3 44. Bb4+ 1-0


[Site "https://www.chess.com"]

[Event "Titled Tuesday Blitz June 28 Early 2022"]
[White "Carrasco Miranda, Andres"]
[Black "Marjanovic, Annamaria"]
[WhiteFideId "3405990"]
[BlackFideId "750930"]
[WhiteElo "2177"]
[BlackElo "2156"]
[Result "0-1"]
[Round "04"]
[TimeControl "180+1"]
[Date "2022.06.28"]
[WhiteClock "0:00:20"]
[BlackClock "0:00:20"]

1. d4 f5 2. Nf3 g6 3. g3 Nf6 4. Bg2 Bg7 5. O-O O-O 6. b3 d6 7. Bb2 c6 8. Nbd2 a5 9. c4 Nbd7 10. Re1 Qc7 11. e4 fxe4 12. Nxe4 Nxe4 13. Rxe4 Nf6 14. Re2 Bg4 15. h3 Bxf3 16. Bxf3 Rae8 17. d5 Nd7 18. Bxg7 Kxg7 19. Bg2 Nf6 20. Qd4 cxd5 21. cxd5 Kg8 22. Rae1 Rf7 23. h4 Nd7 24. f4 Qc5 25. Qxc5 Nxc5 26. Bh3 Kf8 27. Be6 Nxe6 28. dxe6 Rf5 29. Rc1 Rc5 30. Rxc5 dxc5 31. Rd2 Rc8 32. Kf2 b5 33. Ke3 Kg7 34. Ke4 c4 35. bxc4 bxc4 36. Rc2 Kf6 37. Kd5 c3 38. g4 h5 39. gxh5 gxh5 40. a4 Kf5 41. Kd4 Kxe6 42. Rxc3 Rxc3 43. Kxc3 Kf5 44. Kd4 Kxf4 45. Kc5 e5 46. Kb5 e4 47. Kxa5 e3 48. Kb6 e2 49. a5 e1=Q 50. a6 Qe8 51. Kb7 Qd7+ 52. Kb8 Qd8+ 53. Ka7 Qxh4 54. Ka8 Qd8+ 55. Ka7 h4 56. Kb7 h3 57. a7 h2 58. Kc6 h1=Q+ 59. Kb5 Qhd5+ 60. Ka6 Q8d6# 0-1


[Site "https://www.chess.com"]

[Event "Titled Tuesday Blitz June 28 Early 2022"]
[White "Chen, Qi b"]
[Black "Khamdamova, Afruza"]
[WhiteFideId "8614733"]
[BlackFideId "14210444"]
[WhiteElo "2432"]
[BlackElo "1660"]
[Result "1-0"]
[Round "04"]
[TimeControl "180+1"]
[Date "2022.06.28"]
[WhiteClock "0:00:09"]
[BlackClock "0:00:07"]

1. d4 Nf6 2. c4 e6 3. Nc3 d5 4. Nf3 Be7 5. g3 dxc4 6. Bg2 c5 7. O-O Nc6 8. dxc5 Qxd1 9. Nxd1 Bxc5 10. Be3 Be7 11. Rc1 Nd5 12. Rxc4 Nxe3 13. Nxe3 O-O 14. Nd4 Nxd4 15. Rxd4 e5 16. Rd2 Rb8 17. Rfd1 Be6 18. Bd5 Bxd5 19. Nxd5 Bg5 20. e3 f5 21. f4 exf4 22. gxf4 Bf6 23. Kf2 Rbc8 24. Kf3 Rc6 25. b4 g6 26. a4 Kg7 27. a5 Re8 28. b5 Rce6 29. Rd3 Bd8 30. b6 axb6 31. axb6 Bxb6 32. Rb1 Bc5 33. Rxb7+ Kh6 34. Rc7 Bd6 35. Rf7 Rc8 36. h4 Bf8 37. Nf6 Re7 38. Rd7 Rxd7 39. Rxd7 Bg7 40. Nd5 Re8 41. Rb7 Re6 42. Ne7 Rxe7 43. Rxe7 Bf6 44. Rf7 Bxh4 45. Ke2 Bd8 46. Kd3 Bb6 47. Re7 Bc5 48. Rc7 Bd6 49. Rd7 Bc5 50. Ke2 Bb6 51. Rd6 Bc7 52. Rc6 Bb8 53. Rc8 Ba7 54. Rc7 Bb6 55. Rd7 Bc5 56. Kd3 Bb6 57. Rb7 Bc5 58. Rc7 Bd6 59. Rf7 Bc5 60. e4 fxe4+ 61. Kxe4 Bd6 62. Kd5 Bc7 63. Ke6 Bb8 64. Rd7 Ba7 65. Rxa7 1-0


[Site "https://www.chess.com"]

[Event "Titled Tuesday Blitz June 28 Early 2022"]
[White "Cherniaiev, Tykhon"]
[Black "Ozturk, Efe Hakan"]
[WhiteFideId "14182360"]
[BlackFideId "34550216"]
[WhiteElo "2289"]
[BlackElo "1924"]
[Result "1-0"]
[Round "04"]
[TimeControl "180+1"]
[Date "2022.06.28"]
[WhiteClock "0:01:12"]
[BlackClock "0:00:46"]

1. Nf3 Nf6 2. d4 e6 3. c4 d5 4. g3 Be7 5. Bg2 O-O 6. O-O dxc4 7. Qc2 a6 8. Qxc4 b5 9. Qc2 Bb7 10. Bg5 Nc6 11. e3 Ra7 12. a3 Qa8 13. Nbd2 e5 14. Nxe5 Nxd4 15. Bxb7 Nxc2 16. Bxa8 Nxa1 17. Bg2 h6 18. Nc6 hxg5 19. Nxe7+ Kh7 20. Nc6 Raa8 21. Rxa1 Nd7 22. Nb3 Nb6 23. Nba5 Nc4 24. Nxc4 bxc4 25. Rc1 1-0


[Site "https://www.chess.com"]

[Event "Titled Tuesday Blitz June 28 Early 2022"]
[White "Costachi, Mihnea"]
[Black "Oparin, Grigoriy"]
[WhiteFideId "1217518"]
[BlackFideId "24125890"]
[WhiteElo "2476"]
[BlackElo "2639"]
[Result "0-1"]
[Round "04"]
[TimeControl "180+1"]
[Date "2022.06.28"]
[WhiteClock "0:00:07"]
[BlackClock "0:01:52"]

1. d4 Nf6 2. c4 g6 3. Nc3 d5 4. Nf3 Bg7 5. h4 dxc4 6. e4 c5 7. d5 O-O 8. Bxc4 Bg4 9. Be2 Nbd7 10. Be3 b5 11. e5 Bxf3 12. gxf3 Nxe5 13. Bxc5 a6 14. Qb3 Rc8 15. Be3 Nc4 16. Rd1 Nxe3 17. fxe3 Qb6 18. e4 Nh5 19. Rf1 Be5 20. a3 Qe3 21. Rd3 Qc1+ 22. Kf2 Bg3+ 23. Kg1 Qf4 24. Bd1 Qxh4 25. Qc2 Nf4 26. Rd2 f5 27. Rg2 Nh3+ 28. Kh1 Nf2+ 29. Kg1 Qh1# 0-1


[Site "https://www.chess.com"]